[Event "Early-Titled-Tuesday-Blitz-July-09-2024"]
[Site "Chess.com"]
[Date "2024.07.09"]
[Round "11"]
[White "Sadykov_Ramil"]
[Black "ImportedItalianMaple"]
[Result "1/2-1/2"]
[WhiteElo "2627"]
[BlackElo "2493"]
[TimeControl "180+1"]
[EndTime "10:08:50 PDT"]
[Termination "Game drawn - insufficient material"]

1. d4 g6 2. e4 Bg7 3. Nc3 d5 4. exd5 Nf6 5. Bb5+ Nbd7 6. Nge2 O-O 7. Bxd7 Qxd7 8.
Nf4 b5 9. a3 Bb7 10. O-O Nxd5 11. Nfxd5 Bxd5 12. Nxd5 Qxd5 13. c3 Rfd8 14. Qe2 e6 15. Bf4 c5 16. Qxb5 cxd4 17. Qxd5 Rxd5 18. c4 Rc5 19. Rfc1 Rac8 20. b3 e5 21. Bd2 f5 22.
Kf1 e4 23. Ra2 Kf7 24. Rac2 Ke6 25. b4 R5c6 26. b5 R6c7 27. Ba5 Rb7 28. a4 a6 29. c5 axb5 30. c6 Ra7 31. Bb6 Rxa4 32. c7 d3 33. Rc6+ Kd7 34. R6c5 Rc4 35. R1xc4 bxc4 36. Rxc4 Be5 37. f3 Bxc7 38. Bxc7 Rxc7 39. Rd4+ Ke6 40.
fxe4 Ke5 41. Rxd3 Kxe4 42. Ra3 Rc1+ 43. Kf2 Rc2+ 44. Kg1 h5 45. h4 Kf4 46. Kh2 Kg4 47.
Ra4+ f4 48. Ra6 f3 49. Rxg6+ Kxh4 50. Kg1 Rc1+ 51. Kf2 Rc2+ 52. Kxf3 Rc3+ 53. Kf4 Rc4+ 54. Kf3 Rg4 55. Rxg4+ hxg4+ 56. Kf4 Kh5 57. g3 Kh6 58. Kf5 Kh5 59. Kf6 Kh6 60. Ke5 Kg5 61. Ke6 Kg6 62. Ke5 Kg5 63. Ke4 Kg6 64. Kf4 Kf6 65. Kxg4 Kg6 66. Kh4 Kh6 67. g4 Kg6 68. g5 Kg7 69.
Kh5 Kh7 70. Kg4 Kg6 71. Kf4 Kg7 72. Kf5 Kf7 73. g6+ Kg7 74. Kg5 Kg8 75. Kg4 Kg7 76. Kf5 Kg8 77. Ke6 Kg7 78. Kf5 Kg8 79. Kg5 Kg7 80. Kh5 Kg8 81. Kh6 Kh8 82. Kg5 Kg7 83.
Kh5 Kg8 84. Kh4 Kg7 85. Kg5 Kg8 86. Kg4 Kg7 87. Kf4 Kxg6 1/2-1/2

[Event "Early-Titled-Tuesday-Blitz-July-09-2024"]
[Site "Chess.com"]
[Date "2024.07.09"]
[Round "11"]
[White "Mikasinski"]
[Black "Naruto75_3"]
[Result "0-1"]
[WhiteElo "2682"]
[BlackElo "2585"]
[TimeControl "180+1"]
[EndTime "10:09:15 PDT"]
[Termination "Naruto75_3 won by resignation"]

1. e4 c5 2. Nf3 d6 3. d4 cxd4 4. Nxd4 Nf6 5. Nc3 a6 6. Rg1 e5 7. Nb3 h5 8. h3 Be7 9. g4 hxg4 10. hxg4 Be6 11. g5 Nh5 12. Be3 Nf4 13. Qd2 Nc6 14.
O-O-O Bxg5 15. Kb1 Qe7 16. Qxd6 Qxd6 17. Rxd6 Be7 18.
Rd2 g5 19. Nd5 O-O-O 20. Bb6 Rd7 21. Nxe7+ Nxe7 22. Rxd7 Bxd7 23. Rxg5 Rh1 24. Nd2 Bb5 25. c4 Bxc4 26. Nxc4 Rxf1+ 27. Kc2 Nfg6 28. Nxe5 Re1 29. Nxg6 fxg6 30. Rc5+ Nc6 31. Rc4 Kd7 32. Be3 Ke6 33. Rc5 Re2+ 34. Kc1 Re1+ 35. Kd2 Rb1 36. Kc2 Rg1 37. f4 Rg2+ 38. Bd2 Nb4+ 39. Kc3 Nxa2+ 40. Kd3 Rg3+ 41. Kd4 Rg2 42. Re5+ Kf6 43. Ke3 Rg3+ 44. Kf2 Rb3 45. Be3 Rxb2+ 46. Kf3 Rb3 47. Kf2 Nb4 48. Re8 Kf7 49. Rc8 Nc6 50. Bc5 Rc3 51. Bd6 Rc2+ 52. Ke3 Rc3+ 53. Kd2 Rc4 54. Ke3 Rc3+ 55. Kd2 Rb3 56.
f5 gxf5 57. exf5 Nd4 58. Rf8+ Kg7 59. f6+ Kg6 60. Be7 Ne6 61. Rg8+ Kf7 62. Rh8 Ng5 63. Kc2 Rb5 64. Rf8+ Ke6 65. Rb8 Ne4 66. Rf8 Rf5 67.
Rb8 Rb5 68. Rf8 Ng5 69. Rg8 Nh7 70. Rg6 Rf5 71. Rh6 Nxf6 72. Bb4 Kd5 73. Bc3 Ne4 74. Bb2 Rf2+ 75. Kb3 Nc5+ 76. Ka3 Rf3+ 77. Ka2 Rf2 78.
Rh5+ Kc4 79. Kb1 Nd3 80. Rh4+ Kb3 81. Rh1 0-1

[Event "Early-Titled-Tuesday-Blitz-July-09-2024"]
[Site "Chess.com"]
[Date "2024.07.09"]
[Round "11"]
[White "nindjaxx8"]
[Black "Antek_Radzimski"]
[Result "1/2-1/2"]
[WhiteElo "2693"]
[BlackElo "2586"]
[TimeControl "180+1"]
[EndTime "10:09:19 PDT"]
[Termination "Game drawn by repetition"]

1. d4 Nf6 2. c4 e6 3. Nc3 Bb4 4. Qc2 d5 5. cxd5 exd5 6. Bg5 h6 7. Bh4 g5 8. Bg3 c5 9. e3 Nc6 10. Nf3 Bg4 11. Bb5 Bxf3 12. gxf3 cxd4 13. exd4 Qe7+ 14. Be5 Nd7 15. O-O Ndxe5 16. dxe5 Bxc3 17. Qxc3 O-O 18. Bxc6 Rac8 19. Rfe1 bxc6 20. Rad1 Qe6 21. Kh1 c5 22. f4 d4 23. Qf3 Qf5 24. Rg1 f6 25. Qd5+ Kh8 26. fxg5 fxg5 27. Rg3 Rce8 28. Qxc5 Qxe5 29. Qxe5+ Rxe5 30. Rd2 Ref5 31. Kg2 Rf4 32. Ra3 R8f7 33. b4 Rg4+ 34. Kf1 Rh4 35. h3 d3 36. Raxd3 Rxb4 37. Rd6 Kg7 38. Ra6 Rb6 39. Ra5 Rbf6 40. Kg2 Kg6 41. Ra4 h5 42. Ra5 Rf5 43. Ra6+ R5f6 44.
Ra5 Rf5 45. Rd6+ R5f6 46. Rxf6+ Kxf6 47. Kg3 Rb7 48. f3 Rb2 49. Rxa7 Kf5 50. Ra5+ Kf6 51. h4 gxh4+ 52. Kxh4 Rf2 53. Kg3 Rb2 54. a3 Rb3 55. Kf4 h4 56. Ra6+ Ke7 57. Kg4 h3 58. Rh6 Rxa3 59.
Rxh3 Kf6 60. Rh6+ Kg7 61. Rb6 Ra4+ 62. Kg5 Ra5+ 63. Kg4 Ra4+ 64. f4 Ra1 65. Kg5 Rg1+ 66. Kf5 Ra1 67. Rb7+ Kf8 68. Rd7 Ra5+ 69. Kg6 Ra6+ 70.
Kg5 Ra1 71. f5 Ra6 72. Rb7 Rc6 73. Rb5 Ra6 74. Re5 Rd6 75. Re4 Ra6 76. Rh4 Kg7 77. Rd4 Kf8 78. Rd7 Rb6 79. Rh7 Kg8 80. Rh6 Rxh6 81.
Kxh6 Kf7 82. Kg5 Kg7 83. Kf4 Kf6 84. Kg4 Kf7 85. Kf4 Kf6 86. Ke4 Kf7 87. Ke5 Ke7 88. Kd5 Kf6 89. Ke4 Kf7 90. Ke5 Ke7 91. f6+ Kf7 92. Kf5 Kf8 93. Ke6 Ke8 94. Ke5 Kf7 95. Kf5 Kf8 96. Kg5 Kf7 97. Kf5 1/2-1/2

[Event "Early-Titled-Tuesday-Blitz-July-09-2024"]
[Site "Chess.com"]
[Date "2024.07.09"]
[Round "11"]
[White "Flaccidmoves"]
[Black "ChessSwole"]
[Result "1/2-1/2"]
[WhiteElo "2583"]
[BlackElo "2691"]
[TimeControl "180+1"]
[EndTime "10:09:46 PDT"]
[Termination "Game drawn by repetition"]

1. c4 e6 2. d4 d5 3. Nc3 Nf6 4.
cxd5 exd5 5. Bg5 c6 6. e3 h6 7. Bh4 Bd6 8. Bd3 O-O 9. Qc2 Re8 10. Nge2 Nbd7 11. Bg3 Bxg3 12. Nxg3 c5 13. O-O c4 14.
Bf5 a6 15. a4 Nb8 16. Rae1 Nc6 17. Bxc8 Qxc8 18. Nf5 Nb4 19. Qb1 Qd7 20. Ng3 Nd3 21.
Rd1 b5 22. axb5 axb5 23. Nce2 b4 24. Nc1 Nxc1 25. Rxc1 Ra6 26. Qc2 Rea8 27. Qd2 Qb5 28. f3 Ra2 29. Rc2 h5 30. h4 Qa4 31. Rfc1 Qb3 32. e4 dxe4 33. Nxe4 Nxe4 34. fxe4 Rc8 35.
d5 c3 36. bxc3 bxc3 37. Qf2 Ra4 38. Rf1 Rc7 39. d6 Rd7 40. e5 Qe6 41. Rxc3 Qxe5 42.
Rc8+ Kh7 43. Qc2+ Qe4 44. Qxe4+ Rxe4 45. Rc7 Rxd6 46. Rfxf7 Rg6 47. Kh2 Rxh4+ 48. Kg1 Rhg4 49. Rf2 h4 50. Kf1 Kh6 51. Re2 Rf4+ 52. Rf2 Rb4 53. Kg1 h3 54. Kh2 hxg2 55. Rxg2 Rh4+ 56. Kg1 Rhg4 57.
Rxg4 Rxg4+ 58. Kh1 g6 59. Rc1 Kg5 60. Ra1 Kh4 61. Rb1 Rd4 62. Ra1 g5 63. Rb1 Rd3 64. Ra1 Kh3 65. Rb1 g4 66. Ra1 Rd2 67. Rb1 Rh2+ 68.
Kg1 Rg2+ 69. Kh1 Rf2 70. Ra1 g3 71. Kg1 Rh2 72. Rb1 Rg2+ 73. Kh1 Ra2 74. Rc1 Ra3 75.
Rb1 Kg4 76. Rc1 Kf3 77. Rb1 Kf2 78. Rb2+ Kf1 79. Rb1+ Kf2 80. Rb2+ Kf3 81. Rb1 Re3 82. Kg1 Kg4 83. Ra1 Kh3 84. Rb1 Ra3 85. Rc1 Ra2 86. Rb1 Rg2+ 87. Kh1 Rd2 88. Kg1 Ra2 89. Rc1 Rg2+ 90.
Kh1 Rb2 91. Kg1 Rb4 92. Ra1 Rc4 93. Rb1 Rc2 94. Ra1 Rg2+ 95. Kh1 Rf2 96. Kg1 Kg4 97. Rb1 Rf4 98. Ra1 Rb4 99. Rc1 Rb3 100. Ra1 Kf3 101.
Rc1 Re3 102. Rb1 Re2 103. Rb3+ Re3 104. Rb1 1/2-1/2

[Event "Early-Titled-Tuesday-Blitz-July-09-2024"]
[Site "Chess.com"]
[Date "2024.07.09"]
[Round "11"]
[White "MrMatesM"]
[Black "Likvidator228"]
[Result "1/2-1/2"]
[WhiteElo "2686"]
[BlackElo "2572"]
[TimeControl "180+1"]
[EndTime "10:11:34 PDT"]
[Termination "Game drawn by repetition"]

1. Nf3 d5 2. g3 Nf6 3. Bg2 c6 4. O-O Bf5 5. d3 e6 6. Nbd2 Nbd7 7. b3 h6 8. Bb2 Be7 9. Re1 Bh7 10. e4 O-O 11.
Qe2 Re8 12. a3 dxe4 13. dxe4 Qc7 14. Nd4 e5 15. Nf5 Bf8 16. Nc4 Bxf5 17. exf5 e4 18. Rad1 Rad8 19. b4 b5 20. Na5 c5 21. Qxb5 cxb4 22.
axb4 Qxc2 23. Bd4 Nb6 24. Rc1 Qd3 25. Qxd3 exd3 26. Rxe8 Nxe8 27. Bc3 Nd6 28. f6 Nb5 29.
Bd2 Nd4 30. Rd1 gxf6 31. Bf1 Nf3+ 32. Kg2 Nxd2 33. Rxd2 Bxb4 34. Nc6 Bxd2 35. Nxd8 a5 36. Bxd3 a4 37. Nc6 a3 38. Bb1 Nd5 39. Nd4 Nc3 40.
Bc2 a2 41. Nb3 Bc1 42. Kf3 Bb2 43. Bd3 a1=Q 44. Nxa1 Bxa1 45. Kf4 Kg7 46. Kf5 Nd5 47. h4 Ne7+ 48. Ke4 Be5 49. Kf3 f5 50. Bc4 Kf6 51. Bd3 Bd6 52. Bc4 Ng6 53. Bb3 Ne5+ 54. Ke3 Ng4+ 55. Kf3 Bc5 56. Bd5 Nxf2 57. Bb7 Ng4 58. Bc8 Ne5+ 59. Kg2 Bd6 60. Kh3 Ng6 61. Kg2 f4 62. gxf4 Nxf4+ 63. Kf3 Ng6 64. Kg4 Kg7 65. h5 Ne7 66. Bd7 Bc5 67. Kf4 Bd4 68. Ke4 Bf6 69. Kf4 Bg5+ 70. Kg4 Kf6 71. Bb5 Ke5 72. Bd7 f5+ 73.
Kf3 f4 74. Kg4 Nd5 75. Bc6 Nf6+ 76. Kf3 Nxh5 77. Be8 Nf6 78. Bg6 h5 79. Bf7 h4 80.
Bg6 Nd5 81. Be8 Ne3 82. Bd7 Bh6 83. Bc8 Bg5 84. Bd7 Nc2 85. Kg4 Kf6 86. Bc6 Nd4 87.
Bd7 f3 88. Kh3 Ke5 89. Bc8 Kf4 90. Kh2 Ke3 91. Ba6 Ne2 92. Kh3 f2 93. Kg2 f1=Q+ 94. Kxf1 Nf4 95. Kg1 Kf3 96. Bb7+ Kg3 97. Bc8 Ne2+ 98.
Kh1 Be3 99. Bd7 Nf4 100. Bc8 Bf2 101. Bd7 Kf3 102. Kh2 Bg3+ 103. Kg1 Ne2+ 104. Kh1 Nd4 105. Kg1 Bf2+ 106. Kh2 Kf4 107. Kh3 Bg3 108. Bc8 Kg5 109. Kg2 Kf4 110. Kh3 Nc2 111. Kg2 Ne3+ 112. Kh3 Nc4 113. Kg2 Ne5 114. Kh3 Nf7 115. Kg2 Ng5 116. Bd7 Ke4 117. Bc8 Be1 118. Bd7 Kf4 119. Bc8 Bd2 120. Bd7 Bc3 121. Bc8 Bf6 122. Bd7 Ne4 123. Kh3 Ke3 124. Kg2 Nf2 125. Bc8 Nd3 126. Bd7 Nf4+ 127. Kh2 Kf3 128. Bc8 Be5 129. Kg1 Kg3 130. Kf1 Nh5 131. Kg1 Nf6 132. Kh1 Ne4 133. Kg1 Bd4+ 134. Kf1 h3 135. Bxh3 Kxh3 136. Ke2 Bf6 137. Kd3 Ng5 138. Ke3 Kg4 139. Kf2 Kf4 140. Kg2 Bd4 141. Kf1 Ke3 142. Kg2 Ne4 143. Kg1 Kf3+ 144. Kh2 Nf2 145. Kg1 Be5 146. Kf1 Bh2 147. Ke1 Ne4 148. Kf1 Nd2+ 149. Ke1 Ke3 150. Kd1 Kd3 151. Ke1 Bg3+ 152. Kd1 Nc4 153. Kc1 Bf4+ 154. Kd1 Bg3 155. Kc1 Nd2 156. Kd1 Nc4 1/2-1/2